 Dungeon Crawl Stone Soup version 0.26-a0-835-g8259106e14 (webtiles) character file.

Game seed: 5246831104446803301

7 Baz the Scratcher (level 1, 0/9 HPs)
             Began as a Felid Wanderer on Nov 17, 2020.
             Slain by a hobgoblin
             ... wielding a +0 club
              (6 damage)
             ... on level 1 of the Dungeon.
             The game lasted 00:01:11 (539 turns).

Baz the Scratcher (Felid Wanderer)                   Turns: 539, Time: 00:01:12

Health: 0/9        AC:  1    Str:  8    XL:     1   Next: 91%
Magic:  2/2        EV: 16    Int: 14    God:
Gold:   0          SH:  0    Dex: 14    Spells: 0/0 levels left
                                        Lives:  0   Deaths: 0

rFire    + . .     SeeInvis +     - Unarmed
rCold    . . .     Faith    .   (shield unavailable)
rNeg     . . .     Spirit   .   (armour unavailable)
rPois    .         Reflect  .   (helmet unavailable)
rElec    .         Harm     .   (cloak unavailable)
rCorr    .         Rampage  .   (gloves unavailable)
MR       .....                  (boots unavailable)
Stlth    +++.......             (no amulet)
HPRegen  0.03/turn              d - ring of protection from fire
MPRegen  0.08/turn              (no ring)

@: quick
A: very small, no armour, no weapons or thrown items, stealth, claws 1, fangs 3,
see invisible, speed 1, shaggy fur 1, sharp paws
a: no special abilities


You were on level 1 of the Dungeon.
You visited 1 branch of the dungeon, and saw 2 of its levels.

Inventory:

Jewellery
 d - a ring of protection from fire (left paw)
Potions
 a - a potion of haste
 b - a potion of heal wounds
 c - 2 potions of curing


   Skills:
 * Level 1.4 Fighting
 + Level 1.6 Dodging
 + Level 2.9 Stealth
 - Level 4.0 Unarmed Combat
 * Level 2.4 Evocations


You couldn't memorise any spells.
You didn't know any spells.
Your spell library was empty.

Dungeon Overview and Level Annotations

Branches:
Dungeon (2/15)

Altars:

Annotations:
D:1 exclusion: downstairs


Innate Abilities, Weirdness & Mutations

You cannot wear armour.
You are incapable of wielding weapons or throwing items.
Your paws allow you to move quietly. (Stealth)
You have sharp claws.
You have razor-sharp teeth.
You have supernaturally acute eyesight. (SInv)
You cover ground quickly.
You are covered in fur. (AC +1)
Your sharp claws are effective at attacking unaware monsters.


Message History

Ouch! That really hurt!
You barely miss the hobgoblin. Your bite misses the hobgoblin.
There is a stone staircase leading down here.
You climb downwards.
An adder and a quokka come into view.
There is a stone staircase leading up here.
You climb upwards.
There is a stone staircase leading down here.
Press: ? - help, . - travel You can't see that place. [a stone staircase leading down.] Placed new exclusion.
Reduced exclusion size to a single square.
You see here a +0 dagger.
You see here a leopard gecko skeleton.
The hobgoblin shouts!
The hobgoblin completely misses you. The hobgoblin hits you with a +0 club.
Ouch! That really hurt!
You die...

....#.#.# #.###.........
###.#.#.############.........#..#
........................)....#...
###.............g............#...
........###########..........#...
##..#.#>..g.....................#
#..#.#..#........#....)........#
#..#.#..##########)....###.....#
#..#...........@gg.....# ####.##
#..####.###.######.##########.#
... .........รท...gg....# ...
###########........# ..##
#############.....# ###.......###
##....# #...........## ##...#
....##'##....## #...# .
####.####...# #...#


You could see 2 hobgoblins.

Vanquished Creatures
  A leopard gecko (D:1)
  A goblin (D:1)
  2 hobgoblins (D:1)
  A bat (D:1)
  A rat (D:1)
6 creatures vanquished.

Notes
Turn   | Place    | Note
-------+----------+-------------------------------------------
     0 | D:1      | Baz the Felid Wanderer began the quest for the Orb.
     0 | D:1      | Baz set off with the following items: a potion of haste, a
                  | potion of heal wounds, 2 potions of curing
     0 | D:1      | Reached XP level 1. HP: 9/9 MP: 2/2
   539 | D:1      | Slain by a hobgoblin

Illustrated notes

Levels and vault maps discovered:
D:1:      dpeg_arrival_concentric_ovals, layout_basic, minivault_24
D:2:      layout_loops_ring, vehumet_crystals, elyvilon_altar_3

Action                   || total
-------------------------++-------
Melee: Unarmed           ||    22
       Bite              ||     1
 Stab: Sleeping          ||     2
Dodge: Dodged            ||    17

Table legend: (Time is in decaauts)
 A = Elapsed time spent in this place.
 B = Non-inter-level travel time spent in this place.
 C = Inter-level travel time spent in this place.
 D = Time resting spent in this place.
 E = Time spent auto-exploring this place.
 F = Levels seen in this place.
 G = Mean time per level.
                   A        B        C        D        E       F      G
               +--------+--------+--------+--------+--------+-----+--------+
         Total |    483 |    483 |      0 |    239 |     98 |   2 |  241.5 |
       Dungeon |    483 |    483 |      0 |    239 |     98 |   2 |  241.5 |
               +--------+--------+--------+--------+--------+-----+--------+

Top non-repeatable levels by time:
     D:1: 481 daAuts
     D:2: 1 daAuts
